 Dungeon Crawl Stone Soup version 0.31-a0-981-geadf994542 (webtiles) character file.

Game seed: 13905539797159847513

1536 Persephone the Cleaver (level 8, -1/64 HPs)
             Began as a Hill Orc Fighter on Oct 31, 2023.
             Was an Initiate of Cheibriados.
             Slain by a sky beast (2 damage)
             ... on level 7 of the Dungeon.
             The game lasted 00:06:56 (5314 turns).

Persephone the Cleaver (Hill Orc Fighter)           Turns: 5314, Time: 00:06:56

Health: -1/64      AC:  8    Str: 22    XL:     8   Next: 86%
Magic:  8/8        EV:  8    Int: 14    God:    Cheibriados [......]
Gold:   1710       SH: 10    Dex: 14    Spells: 7/7 levels left

rFire   . . .        q - +4 war axe of Ascent {venom, Fragile +Blink Int+5 Dex+3}
rCold   . . .        p - +0 kite shield
rNeg    . . .        b - +0 scale mail
rPois   .            (no helmet)
rElec   .            (no cloak)
rCorr   .            r - +0 pair of gloves
SInv    .            (no boots)
Will    .....        (no amulet) Stlth
                     (no ring)
HPRegen 0.30/turn    (no ring)
MPRegen 0.11/turn

%: no passive effects
@: mighty, very slow
A: no striking features
a: Renounce Religion, Evoke Blink


You were on level 7 of the Dungeon.
You worshipped Cheibriados.
Cheibriados was noncommittal.
You visited 2 branches of the dungeon, and saw 8 of its levels.

You collected 1768 gold pieces.
You spent 58 gold pieces at shops.

Inventory:

Hand Weapons
 a - a +1 war axe
 q - the +4 war axe of Ascent (weapon) {venom, Fragile +Blink Int+5 Dex+3}
   (You found it on level 5 of the Dungeon)

   Int+5:     It affects your intelligence (+5).
   Dex+3:     It affects your dexterity (+3).
   +Blink:    It lets you blink.
   Fragile:   It will be destroyed if unequipped.
Armour
 b - a +0 scale mail (worn)
 c - a +0 buckler
 p - a +0 kite shield (worn)
 r - a +0 pair of gloves (worn)
Jewellery
 s - an amulet of faith
Wands
 t - a wand of digging (4)
Scrolls
 e - a scroll of vulnerability {unknown}
 f - a scroll of fog {unknown}
 g - 2 scrolls of amnesia {unknown}
 i - 4 scrolls of identify
 n - a scroll of teleportation {unknown}
 o - 3 scrolls of enchant armour {unknown}
 v - a scroll of immolation {unknown}
Potions
 h - a potion of heal wounds {unknown}
 j - 2 potions of magic {unknown}
 k - 3 potions of haste {unknown}
 l - a potion of enlightenment {unknown}
 m - a potion of cancellation {unknown}
 u - a potion of mutation {unknown}


   Skills:
 - Level 3.6 Fighting
 * Level 11.7 Axes
 - Level 3.2 Armour
 + Level 7.6 Shields


You had 7 spell levels left.
You didn't know any spells.
Your spell library contained the following spells:

 Spells                   Type           Power      Damage    Failure   Level
 Sandblast                Erth           0%         2d4       83%         1
 Passwall                 Tmut/Erth      0%         N/A       92%         2
 Stone Arrow              Conj/Erth      0%         3d7       99%         3
 Brom's Barrelling Bould  Conj/Erth      0%         2d3       100%        4
 Vhi's Electric Charge    Tloc/Air       0%         N/A       100%        4
 Arcjolt                  Conj/Air       0%         1d10      100%        5
 Maxwell's Capacitive Co  Air            0%         ∞         100%        8


Dungeon Overview and Level Annotations

Branches:
Dungeon (7/15)             Temple (1/1) D:4

Altars:
Ashenzari
Cheibriados
Dithmenos
Elyvilon
Hepliaklqana
Kikubaaqudgha
Makhleb
Qazlal
Ru
Sif Muna
Uskayaw
Vehumet
Xom
The Shining One
Beogh

Shops:
D:4 *


Message History

You kill the steam dragon!
Cheibriados appreciates the change of pace.
You are engulfed in a cloud of scalding steam.
The sky beast hits you. The sky beast shocks you. The sky beast hits you.
The sky beast shocks you.
You barely miss the sky beast. You slash the sky beast!
The sky beast is poisoned.
You block the sky beast's attack. The sky beast barely misses you.
You hit the sky beast but do no damage.
The sky beast is poisoned.
You miss the sky beast.
The sky beast flickers out of sight!
Deactivating autopickup; reactivate with Ctrl-A.
Something hits you but does no damage. You block the sky beast's attack.
You closely miss something. You miss the sky beast.
You block the sky beast's attack. Something hits you. Something shocks you.
You barely miss something. You closely miss the sky beast.
The sky beast flickers out of sight!
Something hits you. Something shocks you.
Something hits you but does no damage.
You miss something. You barely miss something. Something hits you.
Something shocks you.
* * * LOW HITPOINT WARNING * * *
Something hits you but does no damage.
You barely miss something. You hit something.
Something hits you but does no damage. x2
Okay, then.
You hit something. You barely miss something. Something hits you.
* * * LOW HITPOINT WARNING * * *
Something shocks you.
* * * LOW HITPOINT WARNING * * *
Something hits you but does no damage.
You feel very mighty all of a sudden. Something hits you.
* * * LOW HITPOINT WARNING * * *
Something shocks you.
* * * LOW HITPOINT WARNING * * *
Something hits you but does no damage.
You miss something. You barely miss something.
Cheibriados appreciates the change of pace.
Reactivating autopickup.
You feel a bit more experienced. Something hits you.
You die...

#.....<....####....
#........#.....##
##.........#####
###...>.###
##......# #
###..######
#.##...## ##....###
#....@..#
#.....{†..#
............#
##............#
##......>.....
#............
#............
.............


There were no monsters in sight!

Vanquished Creatures
  Maggie (D:6)
  A steam dragon (D:7)
  A water moccasin (D:5)
  A sky beast (D:7)
  2 ogres (D:6)
  A kobold brigand (D:6)
  A phantom (D:6)
  2 scorpions (D:6)
  3 wights (D:6)
  2 electric eels (D:6)
  2 hounds (D:5)
  A jelly (D:6)
  A sleepcap (D:5)
  An orc wizard (D:5)
  3 adders
  4 gnolls (D:5)
  3 white imps
  A worm (D:2)
  6 dart slugs
  17 orcs
  4 bats
  6 endoplasms
  3 giant cockroaches
  5 hobgoblins
  3 jackals (D:1)
  4 quokkas
  7 ball pythons
  8 frilled lizards
  9 goblins
  8 kobolds
  2 rats
113 creatures vanquished.

Notes
Turn   | Place    | Note
-------+----------+-------------------------------------------
     0 | D:1      | Persephone the Hill Orc Fighter began the quest for the
                  | Orb.
     0 | D:1      | Reached XP level 1. HP: 19/19 MP: 1/1
    55 | D:1      | Reached skill level 3 in Axes
    59 | D:1      | Reached XP level 2. HP: 25/26 MP: 2/2
   319 | D:1      | Reached skill level 4 in Axes
   339 | D:1      | Reached XP level 3. HP: 29/31 MP: 3/3
  1160 | D:2      | Reached XP level 4. HP: 39/39 MP: 4/4
  1685 | D:2      | Identified a scroll of acquirement
  1685 | D:2      | Acquired 1288 gold pieces
  1738 | D:3      | Found a white marble altar of Elyvilon.
  1881 | D:3      | Found a roughly hewn altar of Beogh.
  1891 | D:3      | Reached skill level 5 in Axes
  1910 | D:3      | Found a faded altar of an unknown god.
  2274 | D:3      | You fall into a shaft and drop 2 floors!
  2274 | D:5      | Entered Level 5 of the Dungeon
  2357 | D:4      | Found a staircase to the Ecumenical Temple.
  2432 | Temple   | Entered the Ecumenical Temple
  2577 | D:4      | Identified the +1 leather armour "Vohyjad" {rElec rPois
                  | Str-5 Slay-6}
  2627 | D:4      | Found a radiant altar of Vehumet.
  2841 | D:4      | Found a hazy altar of Hepliaklqana.
  2854 | D:4      | Reached XP level 5. HP: 42/45 MP: 5/5
  2894 | D:4      | Found Uptaz's General Store.
  2968 | D:4      | Bought a +0 kite shield for 58 gold pieces
  3008 | D:5      | Reached skill level 6 in Axes
  3203 | D:5      | Identified the +4 war axe of Ascent {venom, Fragile +Blink
                  | Int+5 Dex+3}
  3236 | D:5      | Reached skill level 5 in Shields
  3236 | D:5      | Reached XP level 6. HP: 46/51 MP: 6/6
  3485 | D:5      | Reached skill level 7 in Axes
  3536 | D:5      | Found a snail-covered altar of Cheibriados.
  3711 | D:5      | Noticed a water moccasin
  3717 | D:5      | Killed a water moccasin
  3935 | D:6      | Reached skill level 8 in Axes
  3935 | D:6      | Reached XP level 7. HP: 48/57 MP: 7/7
  4016 | D:6      | Noticed Maggie
  4029 | D:6      | Killed Maggie
  4030 | D:6      | Reached skill level 9 in Axes
  4030 | D:6      | Reached XP level 8. HP: 4/64 MP: 8/8
  4238 | D:6      | Reached skill level 10 in Axes
  4566 | D:6      | HP: 3/64 [electric eel/bolt of electricity (13)]
  4977 | D:6      | Reached skill level 11 in Axes
  5228 | D:5      | Became a worshipper of Cheibriados the Contemplative
  5313 | D:7      | HP: 1/64 [something (5)]
  5314 | D:7      | Slain by a sky beast

Illustrated notes

Levels and vault maps discovered:
D:1:      denvon_arrival_waterhouse, layout_loops_cross
D:2:      layout_basic, hex_medium
D:3:      layout_loops_ring, elyvilon_altar_4,
          hellmonk_ecumenical_altar_defaced_shrine
D:4:      layout_rooms, lemuel_crystal_altar, kennysheep_little_box,
          temple_pool_b, serial_shops, nicolae_shop_back_alley_shop
D:5:      layout_basic, old_standard_altar
D:6:      layout_rooms, water_boxes_lemuel, uniq_maggie
D:7:      layout_cave_pods, nemelex_xobeh_ov_fountains_minmay,
          grunt_gozag_statues, uniq_jeremiah
Temple:   dpeg_chambers_temple

Skill      XL: |  1  2  3  4  5  6  7  8 |
---------------+-------------------------+-----
Axes           | 3 4 5 6 8 9 11 | 11.7
Shields        | 4 5 6 7 |  7.6
Fighting       | |  3.6
Armour         | |  3.2

Action                     |  1- 3 |  4- 6 |  7- 9 || total
---------------------------+-------+-------+-------++-------
  Melee: War axe           |   102 |   151 |    66 ||   319
    Use: Scroll            |       |     6 |       ||     6
         Potion            |       |       |     4 ||     4
 Armour: Scale mail        |    52 |    98 |    58 ||   208
  Dodge: Dodged            |    40 |    53 |     6 ||    99
  Block: Buckler           |    23 |    12 |       ||    35
         Kite shield       |       |    36 |    16 ||    52

Table legend: (Time is in decaauts)
 A = Elapsed time spent in this place.
 B = Non-inter-level travel time spent in this place.
 C = Inter-level travel time spent in this place.
 D = Time resting spent in this place.
 E = Time spent auto-exploring this place.
 F = Levels seen in this place.
 G = Mean time per level.
                   A        B        C        D        E       F      G
               +--------+--------+--------+--------+--------+-----+--------+
         Total |   5421 |   5063 |    358 |      0 |   4285 |   8 |  677.6 |
       Dungeon |   5357 |   5061 |    296 |      0 |   4285 |   7 |  765.3 |
        Temple |     63 |      1 |     62 |      0 |      0 |   1 |   63.0 |
               +--------+--------+--------+--------+--------+-----+--------+

Top non-repeatable levels by time:
     D:6: 1305 daAuts
     D:5: 1036 daAuts
     D:2: 1022 daAuts
     D:1: 743 daAuts
     D:4: 619 daAuts
     D:3: 558 daAuts
     D:7: 71 daAuts
  Temple: 63 daAuts
